 Dungeon Crawl Stone Soup version 0.23.2 (webtiles) character file.

Game seed: 479884644608762467

495 Borgoz the Sneak (level 7, -2/58 HPs)
             Began as a Ghoul Assassin on Apr 5, 2019.
             Was an Initiate of Ashenzari.
             Slain by a mummy (7 damage)
             ... in an ossuary.
             The game lasted 00:08:22 (3947 turns).

Borgoz the Sneak (Ghoul Assassin)                   Turns: 3947, Time: 00:08:23

Health: -2/58      AC: 10    Str: 24    XL:     7   Next: 15%
Magic:  6/6        EV: 10    Int:  6    God:    Ashenzari [......]
Gold:   181        SH:  0    Dex: 17    Spells: 6/6 levels left

rFire    . . .     SeeInvis .   a - +2 dagger (venom)
rCold    + . .     Gourm    .   (no shield)
rNeg     + + +     Faith    .   n - +0 chain mail (curse)
rPois    ∞         Spirit   .   (no helmet)
rElec    .         Reflect  .   d - +0 cloak
rCorr    .         Harm     .   (no gloves)
MR       .....                  (no boots)
Stlth    ..........             (no amulet)
HPRegen  0.00/turn              c - +4 ring of strength
MPRegen  0.10/turn              i - +5 ring of dexterity

@: confused, mighty, rotting
A: rotting body, claws 1, carnivore, cold resistance 1, negative energy
resistance 3, inhibited regeneration, torment resistance, unbreathing
a: Curse Item, Renounce Religion


You were in an ossuary.
You worshipped Ashenzari.
Ashenzari was noncommittal.
You were not hungry.

You visited 1 branch of the dungeon, and saw 4 of its levels.
You also visited: Sewer and Ossuary.

You collected 181 gold pieces.

Inventory:

Hand Weapons
 a - a +2 dagger of venom (weapon)
 b - a +0 blowgun
 C - a +2 vampiric dagger
Missiles
 e - 15 poisoned needles
 f - 2 curare-tipped needles
 o - 3 tomahawks (quivered)
Armour
 d - a +0 cloak (worn)
 n - a cursed +0 chain mail (worn)
Jewellery
 c - a +4 ring of strength (left claw)
 h - an uncursed ring of stealth
 i - a +5 ring of dexterity (right claw)
 p - an uncursed ring of protection from magic
Scrolls
 l - 2 scrolls of amnesia {unknown}
 m - a scroll of enchant weapon {unknown}
 r - 3 scrolls of teleportation
 t - 2 scrolls of immolation {unknown}
 u - a scroll of magic mapping {unknown}
 v - 2 scrolls of fear
 y - a scroll of remove curse
Potions
 j - a potion of ambrosia
 k - 2 potions of agility {unknown}
 q - a potion of curing
 s - a potion of brilliance {unknown}
 w - 2 potions of flight {unknown}
 x - a potion of invisibility {unknown}
 B - a potion of berserk rage
Comestibles
 g - 5 rations


   Skills:
 + Level 3.7 Fighting
 * Level 3.8 Short Blades
 - Level 1.7 Throwing
 * Level 3.2 Armour
 * Level 3.5 Dodging
 - Level 4.4 Stealth


You had 6 spell levels left.
You didn't know any spells.
Your spell library was empty.

Dungeon Overview and Level Annotations

Branches:
Dungeon (4/15)
 Temple: D:4-7

Altars:
Ashenzari
Hepliaklqana
Trog
Vehumet


Innate Abilities, Weirdness & Mutations

Your body is rotting away.
You thrive on raw meat.
You are immune to poison.
You have sharp fingernails.
You are carnivorous and can eat meat at any time.
Your flesh is cold resistant. (rC+)
You are immune to negative energy. (rN+++)
You do not regenerate when monsters are visible.
You are immune to unholy pain and torment.
You can survive without breathing.


Message History

You are too injured to fight recklessly!
You are too injured to fight recklessly!
You hit the big kobold zombie but do no damage.
The big kobold zombie is almost destroyed.
The kobold zombie barely misses you.
The big kobold zombie hits you but does no damage.
You barely miss the big kobold zombie.
The big kobold zombie is almost destroyed.
The mummy hits you but does no damage. The kobold zombie hits you.
The big kobold zombie hits you but does no damage.
The mummy hits you.
* * * LOW HITPOINT WARNING * * *
You feel very mighty all of a sudden.
You are confused.
You feel invigorated.
The big kobold zombie hits you but does no damage.
The kobold zombie closely misses you. The mummy hits you!
* * * LOW HITPOINT WARNING * * *
The mummy hits you!
You die...

......
#....#
#....#
#....#
#....#
#....#
#.(..#
#ZMZ.#
#M@..#
#.∩∩.#
######


You could see 2 mummies, a kobold zombie and a big kobold zombie.

Vanquished Creatures
  A phantom (D:4)
  An orc priest (D:3)
  2 orc wizards (D:4)
  Crazy Yiuf (D:3)
  A hound skeleton (D:2)
  4 gnolls (D:3)
  6 adders
  A river rat (D:3)
  5 oozes
  9 worms
  6 dart slugs
  3 leopard geckos (D:1)
  4 orcs
  6 giant cockroaches
  A gnoll zombie (Ossuary)
  7 goblins
  9 hobgoblins (D:1)
  8 jackals
  2 ball pythons
  15 bats
  3 frilled lizards
  A hobgoblin zombie (Ossuary)
  9 kobolds
  2 kobold zombies (Ossuary)
  An orc zombie (Ossuary)
  A quokka skeleton (D:3)
  13 rats
122 creatures vanquished.

Notes
Turn   | Place    | Note
-------+----------+-------------------------------------------
     0 | D:1      | Borgoz the Ghoul Assassin began the quest for the Orb.
     0 | D:1      | Reached XP level 1. HP: 17/17 MP: 0/0
    17 | D:1      | Reached skill level 1 in Dodging
   171 | D:1      | Reached XP level 2. HP: 24/24 MP: 1/1
   518 | D:1      | Reached skill level 1 in Armour
   560 | D:1      | Reached XP level 3. HP: 30/30 MP: 2/2
  1262 | D:2      | Reached XP level 4. HP: 37/37 MP: 3/3
  1499 | D:2      | Found a shattered altar of Ashenzari.
  1530 | D:2      | Became a worshipper of Ashenzari the Shackled
  1829 | D:3      | Reached XP level 5. HP: 30/44 MP: 4/4
  2286 | D:3      | Reached XP level 6. HP: 50/50 MP: 5/5
  2290 | D:3      | Found a glowing drain.
  2334 | Sewer    | Entered a sewer
  3096 | D:3      | Noticed a moth of wrath
  3098 | D:3      | Found a bloodstained altar of Trog.
  3163 | D:3      | Found a radiant altar of Vehumet.
  3431 | D:3      | Found a runed translucent door.
  3432 | D:3      | Noticed Crazy Yiuf
  3580 | D:3      | Killed Crazy Yiuf
  3627 | D:4      | Noticed a phantom
  3740 | D:4      | Found a hazy altar of Hepliaklqana.
  3745 | D:4      | Killed a phantom
  3745 | D:4      | Reached XP level 7. HP: 34/58 MP: 6/6
  3750 | D:4      | Found a sand-covered staircase.
  3754 | Ossuary  | Entered an ossuary
  3947 | Ossuary  | Slain by a mummy

Skill      XL: |  1  2  3  4  5  6 |
---------------+-------------------+-----
Dodging        | 1 2 3 |  3.5
Short Blades   | 2 3 |  3.8
Armour         | 1 2 3 |  3.2
Fighting       | 3 |  3.7
Throwing       | |  1.7
Stealth        | |  4.4

Action                   |  1- 3 |  4- 6 |  7- 9 || total
-------------------------+-------+-------+-------++-------
Melee: Dagger            |   144 |   401 |    44 ||   589
Throw: Tomahawk          |       |     1 |     2 ||     3
  Use: Scroll            |       |     6 |       ||     6
       Potion            |       |     2 |     2 ||     4
 Stab: Sleeping          |     4 |       |       ||     4
  Eat: Chunk             |     3 |     9 |       ||    12
Armor: Robe              |     7 |       |       ||     7
       Chain mail        |    64 |   232 |    18 ||   314
Dodge: Dodged            |    45 |   166 |    22 ||   233
